 Dungeon Crawl Stone Soup version 0.21.1-1-g345015f (webtiles) character file.

102 pentaflop the Skirmisher (level 4, -6/41 HPs)
             Began as a Minotaur Fighter on Feb 10, 2018.
             Mangled by an ice beast (12 damage)
             ... on level 3 of the Dungeon.
             The game lasted 00:06:23 (1409 turns).

pentaflop the Skirmisher (Minotaur Fighter)         Turns: 1409, Time: 00:06:24

Health: -6/41      AC:  7    Str: 21    XL:     4   Next: 50%
Magic:  3/3        EV:  8    Int:  5    God:
Gold:   132        SH:  9    Dex: 10    Spells: 3/3 levels left

rFire    . . .     SeeInvis .   a - +0 long sword
rCold    . . .     Gourm    .   c - +0 shield
rNeg     . . .     Faith    .   b - +0 scale mail
rPois    .         Spirit   .   (helmet restricted)
rElec    .         Reflect  .   (no cloak)
rCorr    .         Harm     +   (no gloves)
MR       .....                  (no boots)
Stlth    +.........             m - amulet of harm
HPRegen  0.13/turn              x - ring of stealth
MPRegen  0.08/turn              (no ring)

@: no status effects
A: retaliatory headbutt, horns 2
a: no special abilities


You were on level 3 of the Dungeon.
You were not hungry.

You visited 1 branch of the dungeon, and saw 3 of its levels.

You collected 132 gold pieces.

Inventory:

Hand Weapons
 a - a +0 long sword (weapon)
Missiles
 g - 157 stones (quivered)
Armour
 b - a +0 scale mail (worn)
 c - a +0 shield (worn)
Jewellery
 m - an amulet of harm (around neck)
 x - a ring of stealth (left hand)
Wands
 y - a wand of random effects (24)
Scrolls
 e - 2 scrolls of fear {unknown}
 j - a scroll of amnesia {unknown}
 k - a scroll of magic mapping {unknown}
 n - a scroll of teleportation {unknown}
 o - a scroll of remove curse {unknown}
 r - 2 scrolls of blinking {unknown}
 s - a scroll of identify {unknown}
 u - a scroll of random uselessness {unknown}
 w - a scroll of fog {unknown}
 z - a scroll of immolation {unknown}
Potions
 d - 2 potions of might
 i - 2 potions of heal wounds {unknown}
 l - a potion of agility {unknown}
 p - a potion of invisibility {unknown}
 q - a potion of curing {unknown}
 t - a potion of resistance {unknown}
 v - a potion of mutation {unknown}
 A - a potion of haste {unknown}
Comestibles
 f - 8 rations
 h - 7 chunks of flesh


   Skills:
 + Level 4.7 Fighting
 + Level 3.4 Long Blades
 + Level 4.2 Armour
 + Level 1.2 Dodging
 + Level 4.2 Shields


You had 3 spell levels left.
You didn't know any spells.

Dungeon Overview and Level Annotations

Branches:
Dungeon (3/15)

Altars:


Innate Abilities, Weirdness & Mutations

You reflexively headbutt those who attack you in melee.
You have a pair of horns on your head.


Message History

The ice beast hits you but does no damage.
You barely miss the ice beast.
You headbutt the ice beast, but do no damage.
You block the ice beast's attack.
You barely miss the ice beast. Your headbutt misses the ice beast.
You block the ice beast's attack.
You hit the ice beast but do no damage. The ice beast hits you.
The ice beast freezes you! You block the ice beast's attack.
You completely miss the ice beast. The ice beast hits you.
* * * LOW HITPOINT WARNING * * *
The ice beast freezes you.
* * * LOW HITPOINT WARNING * * *
You hit the ice beast but do no damage. Your headbutt misses the ice beast.
You block the ice beast's attack.
You hit the ice beast. You headbutt the ice beast!
The ice beast is severely wounded.
The ice beast closely misses you. The ice beast hits you.
* * * LOW HITPOINT WARNING * * *
The ice beast freezes you!
You die...

#. >.##.......^...#.########
.###........#.#.#.#......#
### .#..##.##..#.....)÷.....#
....#.#................)....#
#.#...#<##.##.##.#.#.##.....#
...........#.........##.....#
###.#.###..#.....#...####.#.#
#. #..#.....#...####.#.#
#.###..÷....@Y...........
#.....#............##...#.
#####.........##.#.##.##..
#................#.... . .
#.###)#.....###### ##. .
#.##....# ##.#.###.###.#.#
.............#.#
########.#####..


You could see an ice beast.

Vanquished Creatures
  2 gnolls (D:1)
  4 adders
  An ooze (D:1)
  A worm (D:2)
  A dart slug (D:1)
  A leopard gecko (D:2)
  2 giant cockroaches (D:1)
  4 goblins
  5 hobgoblins
  3 jackals (D:1)
  A quokka (D:2)
  4 bats
  2 frilled lizards (D:2)
  4 kobolds
  2 rats
37 creatures vanquished.

Notes
Turn   | Place    | Note
-------+----------+-------------------------------------------
     0 | D:1      | pentaflop the Minotaur Fighter began the quest for the Orb.
     0 | D:1      | Reached XP level 1. HP: 19/19 MP: 0/0
   151 | D:1      | Reached XP level 2. HP: 24/27 MP: 1/1
   274 | D:1      | Reached XP level 3. HP: 29/34 MP: 2/2
   961 | D:2      | Reached XP level 4. HP: 36/41 MP: 3/3
  1288 | D:3      | Reached skill level 1 in Dodging
  1398 | D:3      | Noticed an ice beast
  1409 | D:3      | Mangled by an ice beast

Skill      XL: |  1  2  3  4 |
---------------+-------------+-----
Fighting       | 4 |  4.7
Shields        | 4 |  4.2
Armour         | 4 |  4.2
Long Blades    | 3 |  3.4
Dodging        | 1 |  1.2

Action                   |  1- 3 |  4- 6 || total
-------------------------+-------+-------++-------
Melee: Long sword        |    66 |    34 ||   100
       Headbutt          |    12 |     4 ||    16
  Eat: Chunk             |       |     2 ||     2
Armor: Scale mail        |    33 |    13 ||    46
Dodge: Dodged            |    22 |    14 ||    36
Block: Shield            |    31 |    31 ||    62
       Rpst.: Long sword |     4 |     5 ||     9
